 Dungeon Crawl Stone Soup version 0.30-a0-696-g2367cd04db (webtiles) character file.

Game seed: 1551643255570395584

5 Shayle the Conjurer (level 1, -2/16 HPs)
             Began as a Demonspawn Reaver on Jan 21, 2023.
             Slain by a hobgoblin (3 damage)
             ... on level 1 of the Dungeon.
             The game lasted 00:00:18 (79 turns).

Shayle the Conjurer (Demonspawn Reaver)               Turns: 79, Time: 00:00:19

Health: -2/16      AC:  3    Str: 12    XL:     1   Next: 66%
Magic:  3/3        EV: 11    Int: 14    God:
Gold:   22         SH:  0    Dex: 11    Spells: 3/4 levels left

rFire   . . .      SeeInvis .    a - +0 spear
rCold   . . .      Faith    .    (no shield)
rNeg    . . .      Spirit   .    b - +0 leather armour
rPois   .          Reflect  .    (no helmet)
rElec   .          Harm     .    (no cloak)
rCorr   .          Rampage  .    (no gloves)
Will    .....                    (no boots)
Stlth   +                        (no amulet)
HPRegen 0.22/turn                (no ring)
MPRegen 0.08/turn                (no ring)

@: no status effects
A: no striking features
a: no special abilities


You were on level 1 of the Dungeon.
You visited 1 branch of the dungeon, and saw 1 of its levels.

You collected 22 gold pieces.

Inventory:

Hand Weapons
 a - a +0 spear (weapon)
Armour
 b - a +0 leather armour (worn)


   Skills:
 + Level 2.1 Fighting
 - Level 2.6 Polearms
 + Level 1.9 Dodging
 - Level 2.0 Spellcasting
 - Level 3.0 Conjurations
 + Level 0.6 Necromancy


You had 3 spell levels left.
You knew the following spells:

 Your Spells              Type           Power      Damage    Failure   Level
a - Kiss of Death         Conj/Necr      24%        2d7       14%         1

Your spell library contained the following spells:

 Spells                   Type           Power      Damage    Failure   Level
 Momentum Strike          Conj/Tloc      10%        3d8       24%         2
 Hailstorm                Conj/Ice       5%         3d4       43%         3


Dungeon Overview and Level Annotations

Branches:
Dungeon (1/15)

Altars:


Message History

The jackal barely misses you.
You barely miss the jackal.
The jackal is lightly wounded.
The jackal barely misses you.
You hit the jackal but do no damage.
The jackal is lightly wounded.
The jackal barely misses you.
The jackal bites you but does no damage.
You hit the jackal.
The jackal is severely wounded.
The jackal bites you but does no damage.
You hit the jackal.
You kill the jackal!
You see here a jackal corpse.
A hobgoblin comes into view.
The hobgoblin shouts!
You hit the hobgoblin.
The hobgoblin is lightly wounded.
The hobgoblin hits you but does no damage.
You closely miss the hobgoblin.
The hobgoblin is lightly wounded.
The hobgoblin hits you.
You closely miss the hobgoblin.
The hobgoblin is lightly wounded.
The hobgoblin barely misses you.
You hit the hobgoblin.
The hobgoblin is moderately wounded.
The hobgoblin closely misses you.
You hit the hobgoblin but do no damage.
The hobgoblin is moderately wounded.
The hobgoblin hits you.
* * * LOW HITPOINT WARNING * * *
You closely miss the hobgoblin.
The hobgoblin is moderately wounded.
The hobgoblin hits you.
* * * LOW HITPOINT WARNING * * *
You barely miss the hobgoblin.
The hobgoblin is moderately wounded.
The hobgoblin hits you.
You die...

#..........#
#..........####.#
####....##.....# #
#....#...###.#.
####....#.#.## .#
#...#..###...# .#
#.##..##.###.#
.###### #
#..##.###.###g......
#.##..##.##...†@..#
#.....#...#..####.#
#.##..#...#..# # #
#.##...##.. #
#.#.....#....
#....<.....#
#.#.....#.##
####..)##.# #...#


You could see a hobgoblin.

Vanquished Creatures
  An endoplasm (D:1)
  3 jackals (D:1)
4 creatures vanquished.

Notes
Turn   | Place    | Note
-------+----------+-------------------------------------------
     0 | D:1      | Shayle the Demonspawn Reaver began the quest for the Orb.
     0 | D:1      | Reached XP level 1. HP: 16/16 MP: 3/3
    79 | D:1      | Slain by a hobgoblin

Illustrated notes

Levels and vault maps discovered:
D:1:      dpeg_arrival_rhombus, layout_loops_ring,
          shapermc_ecumenical_altar_totnotflames

Action                   || total
-------------------------++-------
Melee: Spear             ||    35
Armor: Leather armour    ||     4
Dodge: Dodged            ||    22

Table legend: (Time is in decaauts)
 A = Elapsed time spent in this place.
 B = Non-inter-level travel time spent in this place.
 C = Inter-level travel time spent in this place.
 D = Time resting spent in this place.
 E = Time spent auto-exploring this place.
 F = Levels seen in this place.
 G = Mean time per level.
                   A        B        C        D        E       F      G
               +--------+--------+--------+--------+--------+-----+--------+
         Total |     77 |     77 |      0 |      0 |     35 |   1 |   77.0 |
       Dungeon |     77 |     77 |      0 |      0 |     35 |   1 |   77.0 |
               +--------+--------+--------+--------+--------+-----+--------+

Top non-repeatable levels by time:
     D:1: 77 daAuts
